 Dungeon Crawl Stone Soup version 0.28.0 (webtiles) character file.

Game seed: 16450651165692324250

6342 growler the Zephyrmancer (level 10, -2/60 HPs)
             Began as a Tengu Air Elementalist on Feb 7, 2022.
             Was a Believer of Vehumet.
             Killed by their own static electricity (3 damage)
             ... on level 9 of the Dungeon.
             The game lasted 00:30:44 (15716 turns).

growler the Zephyrmancer (Tengu Air Elementalist)  Turns: 15716, Time: 00:30:45

Health: -2/60      AC:  2    Str:  9    XL:     10   Next: 96%
Magic:  5/18       EV: 18    Int: 20    God:    Vehumet [**....]
Gold:   339        SH:  0    Dex: 14    Spells: 4/19 levels left

rFire   . . .      SeeInvis .   (no weapon)
rCold   . . .      Faith    .   (no shield)
rNeg    . . .      Spirit   .   a - +0 robe
rPois   .          Reflect  .   (helmet restricted)
rElec   .          Harm     .   (no cloak)
rCorr   .          Rampage  .   (no gloves)
Will    .....                   (boots unavailable)
Stlth   ++........              (no amulet)
HPRegen 0.20/turn               (no ring)
MPRegen 0.16/turn               (no ring)

@: flying quickly and evasively, quick
A: beak, talons 3, nimble flight
a: Renounce Religion


You were on level 9 of the Dungeon.
You worshipped Vehumet.
Vehumet was pleased with you.
You visited 2 branches of the dungeon, and saw 10 of its levels.
You also visited: Ossuary.

You collected 339 gold pieces.

Inventory:

Armour
 a - a +0 robe (worn)
 y - a +0 kite shield
   (You took it off a gnoll sergeant on level 6 of the Dungeon)
Jewellery
 o - a ring of fire
   (You found it on level 2 of the Dungeon)
Wands
 d - a wand of iceblast (19)
   (You took it off Pikel on level 5 of the Dungeon)
 t - a wand of flame (21)
   (You found it on level 5 of the Dungeon)
 u - a wand of paralysis (12)
   (You found it on level 3 of the Dungeon)
Scrolls
 b - a scroll of fog
 i - a scroll of acquirement {unknown}
 j - a scroll of silence {unknown}
 l - a scroll of vulnerability {unknown}
 m - a scroll of amnesia
 p - a scroll of teleportation {@r4}
 q - a scroll of brand weapon
 s - a scroll of blinking {unknown}
 x - 2 scrolls of fear {unknown}
 z - a scroll of enchant weapon {unknown}
 A - a scroll of immolation {unknown}
 C - a scroll of enchant armour {unknown}
Potions
 c - 3 potions of brilliance {unknown}
 e - 2 potions of degeneration {!q}
 f - 6 potions of curing {unknown}
 g - 3 potions of heal wounds {unknown}
 h - 5 potions of magic
 k - a potion of haste {@q3}
 n - 6 potions of mutation {unknown}
 r - 2 potions of resistance
 v - 2 potions of attraction {unknown}
 w - 2 potions of might
 D - a potion of cancellation


   Skills:
 + Level 6.0 Fighting
 + Level 7.1 Dodging
 - Level 2.0 Stealth
 + Level 5.1 Shields
 - Level 5.0 Spellcasting
 - Level 9.0 Conjurations
 + Level 12.7 Air Magic


You had 4 spell levels left.
You knew the following spells:

 Your Spells              Type           Power      Damage    Failure   Level
a - Shock                 Conj/Air       100%       1d9       1%          1
b - Airstrike             Air            27%        N/A       1%          4
c - Lightning Bolt        Conj/Air       24%        1d39      3%          5
d - Static Discharge      Conj/Air       48%        N/A       1%          2
s - Swiftness             Air            54%        N/A       1%          3

Your spell library contained the following spells:

 Spells                   Type           Power      Damage    Failure   Level
 Magic Dart               Conj           100%       1d8       1%          1
 Summon Lightning Spire   Summ/Air       30%        N/A       9%          4
 Animate Skeleton         Necr           10%        N/A       12%         1
 Pain                     Necr           20%        1d5       12%         1
 Ozocubu's Armour         Ice            5%         N/A       34%         3
 Vampiric Draining        Necr           5%         2d6       34%         3
 Ozocubu's Refrigeration  Ice            2%         4d5       100%        7


Dungeon Overview and Level Annotations

Branches:
Dungeon (9/15)             Temple (1/1) D:5            Lair (0/6) D:8
Ossuary (visited)
    Orc: D:9-12

Altars:
Cheibriados
Fedhas
Hepliaklqana
Kikubaaqudgha
Makhleb
Nemelex Xobeh
Okawaru
Qazlal
Ru
Trog
Vehumet
Xom
Yredelemnul

Annotations:
D:4 1 runed translucent door, Crazy Yiuf


Innate Abilities, Weirdness & Mutations

You have a beak for a mouth.
You have claws for feet.
Your magical nature lets you fly swiftly and evasively.


Message History

Found 3 poisoned darts.
Found a stone staircase leading up.
There is an open door here.
As you open the door, it creaks loudly!
There is an open door here.
You reach down and open the door.
Harold the Weathered comes into view.
He is wielding a +0 battleaxe.
Found a hand axe.
There is an open door here.
You hear a mighty clap of thunder!
The bolt of lightning hits Harold!
Harold shouts!
The bolt of lightning hits Harold.
You hear two shouts!
You hear an angry hiss.
The air twists around and strikes Harold!
Harold is struck by an arc of lightning!
You are struck by an arc of lightning.
Harold is struck by an arc of lightning!
The lightning grounds out.
Harold hits you with a +0 battleaxe!!
* * * LOW HITPOINT WARNING * * *
Harold is struck by an arc of lightning.
You are struck by an arc of lightning.
* * * LOW HITPOINT WARNING * * *
Harold is struck by an arc of lightning.
You are struck by an arc of lightning.
* * * LOW HITPOINT WARNING * * *
The lightning grounds out.
Harold hits you with a +0 battleaxe!!
* * * LOW HITPOINT WARNING * * *
Okay, then.
Okay, then.
Okay, then.
Unknown command.
Unknown command.
Unknown command.
Harold is struck by an arc of lightning.
You are struck by an arc of lightning.
* * * LOW HITPOINT WARNING * * *
Harold is struck by an arc of lightning.
The lightning grounds out.
Harold casts a spell at you.
You barely resist.
Harold is struck by an arc of lightning!
You are struck by an arc of lightning.
* * * LOW HITPOINT WARNING * * *
Harold is struck by an arc of lightning.
You kill Harold!
Vehumet accepts your kill.
You feel your power returning.
Harold gasps with his last breath, "I wish I had worked less..."
You are struck by an arc of lightning.
You die...

####.### #####+##
#..# ####'## #.....#
#.....# ##+####
+...(.# .......
#.....##### .......
#.....'...###)......
#...<.###...@.......
#.....# #####.......
#.....# .......
##+#### ......)
####+##


There were no monsters in sight!

Vanquished Creatures
  Harold (D:9)
  Pikel (D:5)
  A cyclops (D:7)
  A wraith (Ossuary)
  5 yaks
  Menkaure (D:5)
  2 steam dragons
  3 wargs (D:8)
  A water moccasin (D:7)
  3 orc warriors
  A sky beast (D:5)
  3 ice beasts (D:7)
  A black bear (D:6)
  2 necrophages
  2 ogres (D:5)
  A lemure (D:5)
  4 centaurs
  3 bullfrogs
  A gnoll sergeant (D:6)
  A water moccasin zombie (D:6)
  2 scorpions (D:6)
  A water moccasin skeleton (D:5)
  11 killer bees
  14 wights
  A centaur zombie (D:6)
  4 hounds
  2 jellies
  4 orc priests
  A gnoll shaman (D:6)
  A centaur skeleton (D:5)
  8 orc wizards
  A killer bee zombie (D:5)
  A hound zombie (D:5)
  3 hound skeletons (D:4)
  A mummy (Ossuary)
  An adder (D:6)
  12 gnolls
  A howler monkey skeleton (D:5)
  A shadow imp (D:5)
  An ufetubus (D:5)
  3 worms
  4 dart slugs
  17 orcs
  4 ball pythons
  4 bats
  2 bat zombies (D:4)
  2 endoplasms
  4 giant cockroaches
  7 goblins
  5 hobgoblins
  6 kobolds
  2 quokkas
  2 frilled lizards
  8 gnoll skeletons (Ossuary)
  6 kobold skeletons (Ossuary)
  11 orc skeletons (Ossuary)
  4 rats
  3 rat zombies (D:4)
203 creatures vanquished.

Vanquished Creatures (others)
  A plant (D:8)
1 creature vanquished.

Grand Total: 204 creatures vanquished

Notes
Turn   | Place    | Note
-------+----------+-------------------------------------------
     0 | D:1      | growler the Tengu Air Elementalist began the quest for the
                  | Orb.
     0 | D:1      | Reached XP level 1. HP: 10/10 MP: 4/4
   425 | D:1      | Reached XP level 2. HP: 11/15 MP: 1/6
   428 | D:1      | Learned a level 2 spell: Static Discharge
  1009 | D:1      | Reached XP level 3. HP: 19/19 MP: 2/7
  1013 | D:1      | Learned a level 3 spell: Swiftness
  1202 | D:1      | Found a faded altar of an unknown god.
  2309 | D:2      | Reached XP level 4. HP: 24/24 MP: 0/9
  2589 | D:2      | Reached skill level 5 in Air Magic
  3888 | D:3      | Gained mutation: Your magical nature lets you fly swiftly
                  | and evasively. [Tengu growth]
  3888 | D:3      | Reached XP level 5. HP: 28/28 MP: 8/10
  3893 | D:3      | Learned a level 4 spell: Airstrike
  4780 | D:4      | Noticed a necrophage
  4790 | D:4      | Killed a necrophage
  4791 | D:4      | Reached skill level 6 in Air Magic
  4791 | D:4      | Reached XP level 6. HP: 32/32 MP: 0/12
  5217 | D:4      | Found an ancient bone altar of Kikubaaqudgha.
  5836 | D:4      | Reached skill level 5 in Conjurations
  6440 | D:4      | Found a runed translucent door.
  6441 | D:4      | Noticed Crazy Yiuf
  6576 | D:5      | Entered Level 5 of the Dungeon
  6582 | D:4      | Reached XP level 7. HP: 26/36 MP: 7/14
  6669 | D:5      | Noticed Pikel
  6849 | D:5      | Found a stormy altar of Qazlal.
  6882 | D:5      | Killed Pikel
  6883 | D:5      | Reached skill level 5 in Spellcasting
  6883 | D:5      | Reached skill level 8 in Air Magic
  6883 | D:5      | Reached XP level 8. HP: 11/41 MP: 2/16
  7448 | D:5      | Reached skill level 9 in Air Magic
  8158 | D:5      | Noticed Menkaure
  8161 | D:5      | Killed Menkaure
  8162 | D:5      | Reached skill level 10 in Air Magic
  8372 | D:5      | Found a staircase to the Ecumenical Temple.
  8414 | Temple   | Entered the Ecumenical Temple
  8600 | Temple   | Became a worshipper of Vehumet
  8648 | D:6      | Reached XP level 9. HP: 42/45 MP: 10/17
  8863 | D:6      | Reached skill level 1 in Fighting
  9093 | D:6      | Found a sand-covered staircase.
  9101 | Ossuary  | Entered an ossuary
  9567 | Ossuary  | Reached * piety under Vehumet
  9567 | Ossuary  | Offered knowledge of Freeze by Vehumet.
 10201 | D:6      | Learned a level 5 spell: Lightning Bolt
 10306 | D:6      | Reached skill level 1 in Shields
 10330 | D:6      | Reached skill level 11 in Air Magic
 11852 | D:7      | Reached skill level 5 in Dodging
 11862 | D:7      | Reached XP level 10. HP: 31/56 MP: 0/18
 12000 | D:7      | Reached ** piety under Vehumet
 12215 | D:7      | Offered knowledge of Magic Dart by Vehumet.
 12966 | D:7      | Reached skill level 12 in Air Magic
 13340 | D:8      | Reached skill level 5 in Fighting
 13850 | D:8      | Found a staircase to the Lair.
 14860 | D:7      | Noticed a cyclops
 14863 | D:7      | Killed a cyclops
 15228 | D:7      | Reached skill level 5 in Shields
 15710 | D:9      | Noticed Harold
 15715 | D:9      | HP: 2/60 [/static electricity (4)]
 15716 | D:9      | Killed Harold
 15716 | D:9      | Killed from afar by themself

Illustrated notes

Levels and vault maps discovered:
D:1:      minmay_arrival_loop, layout_basic,
          shapermc_ecumenical_altar_mp_vishouse
D:2:      minmay_general_purpose_star, layout_basic
D:3:      layout_basic, cheibrodos_gnoll_hut
D:4:      layout_cave_pods, lemuel_zombie_altar_kikubaaqudgha,
          nicolae_elevator_lobby_plus, uniq_crazy_yiuf_cottage
D:5:      layout_layer_cave, mainiacjoe_overflow_brackets, temple_pool_b,
          grunt_ministairs_9, uniq_menkaure, uniq_pikel
D:6:      layout_basic, lightli_ossuary_entry_decrepit_ruins
D:7:      layout_basic, enter_bailey_1
D:8:      layout_rooms, erik_lair_orcish_takeover
D:9:      layout_roguey, serial_undead, serial_undead_d, serial_undead_c,
          serial_undead_b, serial_undead_c, serial_undead_b, serial_undead_e,
          serial_undead_d, serial_undead_b, kennysheep_generic_room_13,
          uniq_harold
Temple:   mainiacjoe_temple_big_plus

Skill      XL: |  1  2  3  4  5  6  7  8  9 10 |
---------------+-------------------------------+-----
Conjurations   | 2 3 4 5 7 9 |  9.0
Air Magic      | 5 6 8 10 11 12 | 12.7
Spellcasting   | 3 4 5 |  5.0
Fighting       | 4 6 |  6.0
Dodging        | 5 7 |  7.1
Shields        | 2 5 |  5.1
Stealth        | |  2.0

Action                   |  1- 3 |  4- 6 |  7- 9 | 10-12 || total
-------------------------+-------+-------+-------+-------++-------
Melee: Unarmed           |     5 |    24 |     6 |     3 ||    38
       Peck              |     1 |     3 |     1 |       ||     5
       Kick              |       |    11 |     5 |     2 ||    18
 Cast: Shock             |    61 |    54 |    16 |       ||   131
       Static Discharge  |     2 |    31 |    54 |    39 ||   126
       Airstrike         |       |     4 |    80 |    56 ||   140
       Lightning Bolt    |       |       |       |     3 ||     3
Evoke: Wand              |       |       |       |     1 ||     1
  Use: Scroll            |       |     1 |     9 |     2 ||    12
Armor: Robe              |       |     7 |     7 |     2 ||    16
Dodge: Dodged            |     9 |    57 |    75 |    52 ||   193
